 Dungeon Crawl Stone Soup version 0.31-a0-986-g5e6e4ef867 (webtiles) character file.

Game seed: 1407694961773840479

199 strifetoe the Magician (level 6, -4/43 HPs)
             Began as a Djinni Enchanter on Nov 10, 2023.
             Was a Follower of Makhleb.
             Slain by a steam dragon (7 damage)
             ... on level 4 of the Dungeon.
             The game lasted 00:07:58 (3217 turns).

strifetoe the Magician (Djinni Enchanter)           Turns: 3217, Time: 00:07:58

Health: -4/43      AC:  4    Str:  7    XL:     6   Next: 6%
Gold:   244        EV: 12    Int: 19    God:    Makhleb [*.....] SH:  0 Dex: 13

rFire   + + .        a - +2 dagger (heavy)
rCold   x . .        (no shield)
rNeg    . . .        b - +0 robe
rPois   ∞            (no helmet)
rElec   .            (no cloak)
rCorr   .            f - +1 pair of gloves
SInv    .            (boots unavailable)
Will    .....        (no amulet)
Stlth   ++           (no ring)
HPRegen 0.27/turn    (no ring)
MPRegen 0.00/turn

%: infuse magic (-5 HP)
@: flying
A: sickness immunity, fire resistance 2, cold vulnerability 1, float, innate
caster, HP casting, extra vitality 1
a: Renounce Religion


You were on level 4 of the Dungeon.
You worshipped Makhleb.
Makhleb was aware of your devotion.
You visited 1 branch of the dungeon, and saw 4 of its levels.

You collected 244 gold pieces.

Inventory:

Hand Weapons
 a - a +2 heavy dagger (weapon)
Armour
 b - a +0 robe (worn)
 f - a +1 pair of gloves (worn)
Talismans
 h - a blade talisman
Wands
 m - a wand of polymorph (10)
Scrolls
 l - a scroll of amnesia
Potions
 c - a potion of invisibility
 e - 2 potions of haste {unknown}
 g - a potion of brilliance {unknown}
 j - 2 potions of heal wounds {unknown}
 k - 2 potions of attraction {unknown}
 p - a potion of degeneration {unknown}


   Skills:
 + Level 1.9 Fighting
 - Level 2.0 Short Blades
 - Level 2.1 Dodging
 - Level 2.4 Stealth
 + Level 4.3 Spellcasting
 + Level 4.3 Conjurations
 + Level 4.3 Hexes
 + Level 4.3 Summonings
 + Level 4.3 Necromancy
 + Level 4.3 Translocations
 + Level 4.3 Transmutations
 + Level 4.3 Fire Magic
 + Level 4.3 Ice Magic
 + Level 4.3 Air Magic
 + Level 4.3 Earth Magic
 + Level 4.3 Poison Magic


You knew the following spells:

 Your Spells              Type           Power      Damage    Failure   Level
a - Ensorcelled Hibernat  Hex/Ice        40%        N/A       3%          2
b - Confusing Touch       Hex            20%        N/A       7%          3
c - Tukima's Dance        Hex            20%        N/A       7%          3
d - Dazzling Flash        Conj/Hex       40%        N/A       7%          3
e - Shock                 Conj/Air       80%        1d8       2%          1
f - Wereblood             Tmut           20%        N/A       3%          2
Your spell library was empty.

Dungeon Overview and Level Annotations

Branches:
Dungeon (4/15)             Temple (0/1) D:4

Altars:
Makhleb
Nemelex Xobeh
Xom


Innate Abilities, Weirdness & Mutations

You are immune to sickness and miasma.
You are immune to poison.
Your flesh is very heat resistant. (rF++)
You are vulnerable to cold. (rC-)
You float through the air rather than walking.
You learn spells naturally, not from books.
Your magical power is your life essence.
You have superior vitality. (+4 MHP)


Message History

The steam dragon is severely wounded.
The steam dragon breathes steam at you. The ball of steam hits you. You resist.
* * * LOW HITPOINT WARNING * * *
The steam dragon bites you but does no damage.
The steam dragon closely misses you.
Casting: Ensorcelled Hibernation (safe; 3% risk of failure)
Confirm with . or Enter, or press ? or * to list all spells.
Aiming: Shock (safe; 2% risk of failure)
Press: ? - help, Shift-Dir - straight line, f - steam dragon
Aim: a steam dragon (severely wounded, catching its breath, 71% to hit)
The zap hits the steam dragon but does no damage.
The steam dragon is severely wounded.
* * * LOW HITPOINT WARNING * * *
The steam dragon barely misses you. The steam dragon claws you.
* * * LOW HITPOINT WARNING * * *
The steam dragon bites you but does no damage.
The steam dragon closely misses you.
Casting: Shock (safe; 2% risk of failure)
Confirm with . or Enter, or press ? or * to list all spells.
Okay, then.
Casting: Shock (safe; 2% risk of failure)
Confirm with . or Enter, or press ? or * to list all spells.
Casting: Dazzling Flash (dangerous; 7% risk of failure)
Press: ? - help, Dir - look around, f - activate
* * * LOW HITPOINT WARNING * * *
The steam dragon bites you.
* * * LOW HITPOINT WARNING * * *
The steam dragon barely misses you.
Unknown command.
You feel better. The steam dragon barely misses you.
The steam dragon claws you but does no damage.
Okay, then.
The steam dragon breathes steam at you. The ball of steam hits you. You resist.
* * * LOW HITPOINT WARNING * * *
You see here an adder corpse.
Unknown command.
The steam dragon bites you!
You die...

..#. #. ...##. .#
#.°#.########.... ..
#.○#..°..○.°°#..##.#.. ##
#.°#..............#.#
...#°°.°..○.○<○...#.....
#....○.†....°.#..#.#.#.
##....D......○#....#.#.
##.##@§....○.#........ #
#.○§°.°..#..##.#.>
#.○.§.(..##....#.. ########
#○.○.§...#..#....# #......#####
#...°.§§○...#.##.#
##.###.....######°...§..........
#.# #####.......°..○.....#.#.#.
#.# #######......##..#.#.#. #.##
##...............


You could see a steam dragon (catching breath).

Vanquished Creatures
  A scorpion (D:4)
  3 adders
  2 gnolls
  2 worms
  A dart slug (D:3)
  4 orcs (D:3)
  8 ball pythons
  6 bats
  6 endoplasms
  4 giant cockroaches
  7 goblins
  6 hobgoblins
  4 jackals (D:3)
  5 kobolds
  5 quokkas
  4 frilled lizards
  6 rats
74 creatures vanquished.

Vanquished Creatures (others)
  A hobgoblin (D:4)
1 creature vanquished.

Grand Total: 75 creatures vanquished

Notes
Turn   | Place    | Note
-------+----------+-------------------------------------------
     0 | D:1      | strifetoe the Djinni Enchanter began the quest for the Orb.
     0 | D:1      | strifetoe set off with the following spells memorised:
                  | Ensorcelled Hibernation, Confusing Touch, Tukima's Dance,
                  | Dazzling Flash.
     0 | D:1      | Reached XP level 1. HP: 15/15 MP: 0/0
   101 | D:1      | Reached XP level 2. HP: 11/21 MP: 0/0
   474 | D:1      | Reached XP level 3. HP: 25/25 MP: 0/0
   474 | D:1      | Learned a level 1 spell: Shock
   943 | D:2      | Reached skill level 1 in Short Blades
  1087 | D:2      | Found a sparkling altar of Nemelex Xobeh.
  1373 | D:2      | Reached XP level 4. HP: 31/31 MP: 0/0
  1833 | D:3      | Found a shimmering altar of Xom.
  1956 | D:3      | Found a burning altar of Makhleb.
  1972 | D:3      | Became a worshipper of Makhleb the Destroyer
  2570 | D:4      | Found a staircase to the Ecumenical Temple.
  2593 | D:3      | Reached XP level 5. HP: 30/35 MP: 0/0
  2593 | D:3      | Learned a level 2 spell: Wereblood
  2603 | D:3      | Reached * piety under Makhleb
  2937 | D:4      | Reached skill level 1 in Fighting
  2937 | D:4      | Reached XP level 6. HP: 30/43 MP: 0/0
  3145 | D:4      | Noticed a steam dragon
  3217 | D:4      | Slain by a steam dragon

Illustrated notes

Levels and vault maps discovered:
D:1:      elethiomel_arrival_shortcut, layout_rooms, serial_glass,
          glass_columns_a, glass_columns_a, reono_crystal_passage
D:2:      layout_loops_cross, basic_altar,
          nicolae_concentric_dashed_squares_mild
D:3:      layout_loops_corners, lemuel_crystal_altar,
          mainiacjoe_overflow_tiny_flanked
D:4:      layout_rooms, minmay_temple_entry_ruins, minmay_box_of_dots

Skill      XL: |  1  2  3  4  5 |
---------------+----------------+-----
Spellcasting   | 3 4 |  4.3
Conjurations   | 3 4 |  4.3
Hexes          | 3 4 |  4.3
Summonings     | 3 4 |  4.3
Necromancy     | 3 4 |  4.3
Translocations | 3 4 |  4.3
Transmutations | 3 4 |  4.3
Fire Magic     | 3 4 |  4.3
Ice Magic      | 3 4 |  4.3
Air Magic      | 3 4 |  4.3
Earth Magic    | 3 4 |  4.3
Poison Magic   | 3 4 |  4.3
Short Blades   | 1 2 |  2.0
Fighting       | 1 |  1.9
Dodging        | |  2.1
Stealth        | |  2.4

Action                     |  1- 3 |  4- 6 || total
---------------------------+-------+-------++-------
  Melee: Dagger            |    97 |   104 ||   201
         Punch             |     1 |       ||     1
   Cast: Ensorcelled Hiber |    12 |    19 ||    31
         Wereblood         |       |     1 ||     1
         Shock             |       |     2 ||     2
         Dazzling Flash    |       |     2 ||     2
    Use: Potion            |     1 |     2 ||     3
         Scroll            |       |    10 ||    10
   Stab: Sleeping          |    12 |    21 ||    33
         Invisible         |       |     1 ||     1
 Armour: Robe              |    47 |   108 ||   155
  Dodge: Dodged            |    49 |   119 ||   168

Table legend: (Time is in decaauts)
 A = Elapsed time spent in this place.
 B = Non-inter-level travel time spent in this place.
 C = Inter-level travel time spent in this place.
 D = Time resting spent in this place.
 E = Time spent auto-exploring this place.
 F = Levels seen in this place.
 G = Mean time per level.
                   A        B        C        D        E       F      G
               +--------+--------+--------+--------+--------+-----+--------+
         Total |   3248 |   3205 |     43 |    532 |   1942 |   4 |  812.0 |
       Dungeon |   3248 |   3205 |     43 |    532 |   1942 |   4 |  812.0 |
               +--------+--------+--------+--------+--------+-----+--------+

Top non-repeatable levels by time:
     D:3: 1095 daAuts
     D:1: 803 daAuts
     D:2: 756 daAuts
     D:4: 594 daAuts
